 Seeded DCSS version 0.29-a0-676-ga64570c9d2 (webtiles) character file.

Game seed: 11281427841516483749 (custom seed)

16 zeratav the Shooter (level 2, 0/17 HPs)
             Began as a Tengu Hunter on June 24, 2022.
             Slain by a jackal (2 damage)
             ... on level 2 of the Dungeon.
             The game lasted 00:01:42 (1003 turns).

zeratav the Shooter (Tengu Hunter)                  Turns: 1003, Time: 00:01:42

Health: 0/17       AC:  3    Str: 11    XL:     2   Next: 58%
Magic:  3/3        EV: 12    Int:  9    God:
Gold:   23         SH:  0    Dex: 17    Spells: 1/1 levels left

rFire   . . .      SeeInvis .   a - +1 shortbow {bow}
rCold   . . .      Faith    .   (shield currently unavailable)
rNeg    . . .      Spirit   .   b - +0 leather armour
rPois   .          Reflect  .   (helmet restricted)
rElec   .          Harm     .   (no cloak)
rCorr   .          Rampage  .   (no gloves)
Will    .....                   (boots unavailable)
Stlth   ++........              (no amulet)
HPRegen 0.05/turn               (no ring)
MPRegen 0.08/turn               (no ring)

@: no status effects
A: beak, talons 3
a: no special abilities


You were on level 2 of the Dungeon.
You visited 1 branch of the dungeon, and saw 2 of its levels.

You collected 23 gold pieces.


Innate Abilities, Weirdness & Mutations

You have a beak for a mouth.
You have claws for feet.


   Skills:
 - Level 2.0 Fighting
 + Level 5.1 Bows
 - Level 2.1 Dodging
 - Level 1.0 Stealth


You had one spell level left.
You didn't know any spells.
Your spell library was empty.

Inventory:

Hand Weapons
 a - a +1 shortbow (weapon) {bow}
 d - a +0 short sword {short}
   (You took it off a kobold on level 1 of the Dungeon)
Armour
 b - a +0 leather armour (worn)
Scrolls
 c - a scroll of immolation {!r!r}
 e - a scroll of identify {unknown}
 f - a scroll of magic mapping {unknown}
 h - a scroll of enchant armour {unknown}
 i - a scroll of fear {unknown}
Potions
 g - 2 potions of mutation {unknown}

Dungeon Overview and Level Annotations

Branches:
Dungeon (2/15) Zot: 10985

Altars:

Annotations:
D:2 Jessica

#.<.....#
####.#### .
#.# #. #.# ..
#.###### .#
#......# .#
######.# .#
#.####h#####.
#..@hhh...@..
##.###K.....#
#.# .####.#
#.# .# #.# )#
#.# .. #.# ..
... .. #.#


You could see Jessica, 4 jackals and a kobold.


Message History

(D) Dungeon
Where to? (? - help)
There is a large open door here.
There is a large open door here.
There is a stone staircase leading down here.
You climb downwards.
There is a stone staircase leading up here.
A rat comes into view.
You shoot an arrow. The arrow hits the rat!
You kill the rat!
No target in view!
No target in view!
No target in view!
There is a stone staircase leading up here.
There is a stone staircase leading up here.
i - a scroll labelled QISIF WIMACU A kobold, a giant cockroach and a jackal come into view.
You shoot an arrow. The arrow hits the giant cockroach!
You kill the giant cockroach!
The kobold shouts!
You hear a shout! x2; The jackal barks!
You shoot an arrow. The arrow hits the kobold.
You kill the kobold!
A kobold comes into view. It is wielding a +0 dagger.
A jackal comes into view.
You shoot an arrow. The arrow closely misses the kobold.
The jackal barks!
A jackal comes into view. x2
The jackal moves out of view. x2
You shoot an arrow. The arrow barely misses the jackal.
The arrow hits the jackal but does no damage.
The jackal closely misses you.
You shoot an arrow. The arrow barely misses the jackal.
The arrow hits the jackal but does no damage.
The jackal bites you but does no damage.
You shoot an arrow. The jackal barks!
The arrow hits the jackal.
Jessica the Apprentice Sorceress comes into view.
She is wielding a +0 club.
The kobold hits you with a +0 dagger. The kobold misses you.
The jackal bites you.
HP[-3]
You take 3 damage, and now have 14/17 hp.
Shoot: a) +1 shortbow {bow}
Press: ? - help, Q - select action Shift-Dir - straight line, f - Jessica, p - jackal
Aim: Jessica, wielding a +0 club and wearing a +0 robe (64% to hit)
You shoot an arrow. The arrow hits Jessica.
The jackal bites you. x2; The jackal misses you.
The kobold closely misses you.
HP[-4]
You take 4 damage, and now have 10/17 hp.
MASSIVE DAMAGE!! (PAUSE) Really attack while wielding your +1 shortbow {bow}? [Y]es or [N]o only, please.
Really attack while wielding your +1 shortbow {bow}?
Okay, then.
Shoot: a) +1 shortbow {bow}
Press: ? - help, Q - select action Shift-Dir - straight line, f/p - Jessica
Aim: Jessica, wielding a +0 club and wearing a +0 robe (severely wounded, 64% to hit)
You shoot an arrow. The arrow barely misses Jessica.
The jackal bites you.
* * * LOW HITPOINT WARNING * * *
The jackal completely misses you. Jessica closely misses you.
The kobold closely misses you. The jackal misses you.
The jackal barely misses you.
HP[-3]
You take 3 damage, and now have 7/17 hp.
Shoot: a) +1 shortbow {bow}
Press: ? - help, Q - select action Shift-Dir - straight line, f/p - Jessica
Aim: Jessica, wielding a +0 club and wearing a +0 robe (severely wounded, 64% to hit)
You shoot an arrow. The arrow barely misses Jessica.
The jackal misses you.
The jackal bites you but does no damage.
A kobold comes into view. It is wielding a +0 club.
Jessica hits you with a +0 club.
* * * LOW HITPOINT WARNING * * *
The kobold misses you. The jackal bites you.
* * * LOW HITPOINT WARNING * * *
The jackal bites you but does no damage.
The kobold closely misses you.
Jessica casts a spell.
Jessica blinks!
The kobold moves out of view.
HP[-4]
You take 4 damage, and now have 3/17 hp.
MASSIVE DAMAGE!! (PAUSE) Shoot: a) +1 shortbow {bow}
Press: ? - help, Q - select action Shift-Dir - straight line, f/p - Jessica
Aim: Jessica, wielding a +0 club and wearing a +0 robe (severely wounded, 64% to hit)
You shoot an arrow. The arrow barely misses the kobold.
The arrow hits Jessica.
The jackal bites you but does no damage.
The jackal closely misses you.
The jackal bites you but does no damage.
Jessica gestures wildly while chanting.
Jessica blinks!
The kobold closely misses you. The jackal closely misses you.
The kobold attacks as you move away! The kobold hits you with a +0 dagger.
* * * LOW HITPOINT WARNING * * *
The jackal attacks as you move away!
The jackal bites you but does no damage.
HP[-1]
You take 1 damage, and now have 2/17 hp.
The jackal bites you.
You die...

Skill      XL: |  1  2 |
---------------+-------+-----
Bows           | 5 |  5.1
Fighting       | |  2.0
Dodging        | |  2.1
Stealth        | |  1.0

Action                   || total
-------------------------++-------
 Fire: Shortbow          ||    34
Armor: Leather armour    ||     6
Dodge: Dodged            ||    21

Levels and vault maps discovered:
D:1:      nzn_arrival_crosshair, layout_basic,
          dilly_ecumenical_altar_fadedgnrine
D:2:      layout_loops_ring, serial_shops, nicolae_shop_hallway_stairs,
          uniq_jessica

Notes
Turn   | Place    | Note
-------+----------+-------------------------------------------
     0 | D:1      | zeratav the Tengu Hunter began the quest for the Orb.
     0 | D:1      | Reached XP level 1. HP: 12/12 MP: 2/2
     0 | D:1      | magus.rc [v1.9.6]
   399 | D:1      | Found a faded altar of an unknown god.
   504 | D:1      | Reached XP level 2. HP: 17/17 MP: 3/3
   631 | D:1      | Reached skill level 5 in Bows
   997 | D:2      | Noticed Jessica
  1000 | D:2      | HP: 4/17 [Jessica/+0 club (3)]
  1003 | D:2      | Slain by a jackal

Vanquished Creatures
  An endoplasm (D:1)
  A giant cockroach (D:2)
  A goblin (D:1)
  4 quokkas (D:1)
  A bat (D:1)
  A frilled lizard (D:1)
  5 kobolds
  A rat (D:2)
15 creatures vanquished.

Table legend:
 A = Non-vault XP
 B = Vault XP
 C = Vault XP percentage of total XP
 D = Non-vault monster count
 E = Vault monster count
 F = Vault count percentage of total count
                 A         B        C        D         E       F
            +---------+---------+-------+---------+---------+-------
      Total |      24 |       0 |   0.0 |      15 |       0 |   0.0
            +---------+---------+-------+---------+---------+-------
        D:1 |      19 |       0 |   0.0 |      12 |       0 |   0.0
        D:2 |       5 |       0 |   0.0 |       3 |       0 |   0.0
            +---------+---------+-------+---------+---------+-------

Illustrated notes

Table legend:
 A = Kills in this place as a percentage of kills in entire the game.
 B = Kills by you in this place as a percentage of kills by you in the entire game.
 C = Kills by friends in this place as a percentage of kills by friends in the entire game.
 D = Other kills in this place as a percentage of other kills in the entire game.
 E = Experience gained in this place as a percentage of experience gained in the entire game.
 F = Experience gained in this place divided by the number of levels of this place that you have seen.
                   A       B       C       D       E      F
               +-------+-------+-------+-------+-------+----------------------
         Total | 100.0 | 100.0 |   N/A |   N/A | 100.0 |  12.0
       Dungeon | 100.0 | 100.0 |   N/A |   N/A | 100.0 |  12.0
               +-------+-------+-------+-------+-------+----------------------

Table legend: (Time is in decaauts)
 A = Elapsed time spent in this place.
 B = Non-inter-level travel time spent in this place.
 C = Inter-level travel time spent in this place.
 D = Time resting spent in this place.
 E = Time spent auto-exploring this place.
 F = Levels seen in this place.
 G = Mean time per level.
                   A        B        C        D        E       F      G
               +--------+--------+--------+--------+--------+-----+--------+
         Total |   1013 |    975 |     38 |      0 |    900 |   2 |  506.5 |
       Dungeon |   1013 |    975 |     38 |      0 |    900 |   2 |  506.5 |
               +--------+--------+--------+--------+--------+-----+--------+

Top non-repeatable levels by time:
     D:1: 964 daAuts
     D:2: 49 daAuts
